 Dungeon Crawl Stone Soup version 0.22-a0-126-g307c7c3 (webtiles) character file.

82 tsouns the Grasshopper (level 4, -3/35 HPs)
             Began as a Barachi Warper on Jan 30, 2018.
             Slain by a goblin
             ... wielding a +0 club
             ... led by Robin
              (5 damage)
             ... on level 2 of the Dungeon.
             The game lasted 00:04:33 (1682 turns).

tsouns the Grasshopper (Barachi Warper)             Turns: 1682, Time: 00:04:34

Health: -3/35      AC:  5    Str: 13    XL:     4   Next: 43%
Magic:  7/7        EV: 12    Int: 14    God:
Gold:   52         SH:  0    Dex: 11    Spells: 1/8 levels left

rFire    + . .     SeeInvis +   a - +0 hand axe
rCold    + . .     Gourm    .   (no shield)
rNeg     . . .     Faith    .   b - +0 leather armour
rPois    +         Spirit   .   j - +2 hat
rElec    +         Reflect  .   (no cloak)
rCorr    +         Harm     .   (no gloves)
MR       .....                  (no boots)
Stlth    +.........             (no amulet)
HPRegen  0.11/turn              g - ring of flight
MPRegen  0.10/turn              n - ring of see invisible

@: resistant, slow
A: +LOS, swims, slowness 1, strong legs 1
a: Hop, Evoke Flight


You were on level 2 of the Dungeon.
You were very hungry.

You visited 1 branch of the dungeon, and saw 2 of its levels.

You collected 52 gold pieces.

Inventory:

Hand Weapons
 a - a +0 hand axe (weapon)
Missiles
 e - 4 tomahawks of dispersal (quivered)
 m - 83 stones
Armour
 b - a +0 leather armour (worn)
 j - a +2 hat (worn)
Jewellery
 g - a ring of flight (left hand)
 n - a ring of see invisible (right hand)
Scrolls
 d - 2 scrolls of blinking
Potions
 k - a potion of flight
Books
 c - a book of Spatial Translocations

   Spells                             Type                      Level
   a - Blink                          Translocation                2
   b - Shroud of Golubria             Charms/Translocation         2
   c - Lesser Beckoning               Translocation                3
   d - Gell's Gravitas                Translocation                3
   e - Teleport Other                 Translocation                3
   f - Passage of Golubria            Translocation                4
Comestibles
 f - 2 rations


   Skills:
 + Level 3.4 Fighting
 + Level 3.1 Axes
 + Level 1.0 Throwing
 + Level 1.7 Armour
 + Level 2.8 Dodging
 + Level 0.1 Stealth
 + Level 2.5 Spellcasting
 + Level 3.6 Translocations


You had one spell level left.
You knew the following spells:

 Your Spells              Type           Power        Failure   Level  Hunger
a - Blink                 Tloc           N/A          10%         2    ###....
b - Gell's Gravitas       Tloc           ##........   19%         3    ###....
c - Shroud of Golubria    Chrm/Tloc      #.........   21%         2    ###....


Dungeon Overview and Level Annotations

Branches:
Dungeon (2/15)

Altars:

Annotations:
D:2 Robin


Innate Abilities, Weirdness & Mutations

Shadows flee at your approach. (+LOS)
You can swim through water.
You cover ground slowly.
You can hop short distances.


Message History

You closely miss Robin.
Robin is severely wounded.
You hit the hobgoblin.
You kill the hobgoblin!
You closely miss the hobgoblin. Robin hits you but does no damage.
The hobgoblin barely misses you.
Unknown command.
You barely miss Robin.
Robin is severely wounded.
You hit the hobgoblin but do no damage. x2; Robin barely misses you.
The hobgoblin closely misses you.
Unknown command.
You closely miss the goblin. You barely miss the hobgoblin.
You hit Robin but do no damage. You closely miss the hobgoblin.
Robin roars a battlecry!
The hobgoblins go into a battle-frenzy!
The hobgoblin hits you.
* * * LOW HITPOINT WARNING * * *
The hobgoblin misses you. The goblin hits you with a club.
You die...

..!###.......######.....#.
.g...........# #.#.###.
#g.#.#.##.##.## ##...# #)
#g.g.).)...# #...## #.
######.##..## #...####.
#.##...###...#....
#g##....##...#.##.
#########gg..#..##...#.#..
#.......g@g#.##.##...#.#..
#.........)...#.##...#.#..
#.............#........#..
#..........##.##[#######..
#######'#...#.....).......
#....###.#####.#####...
#.#### #...# #..#
#.#..#####.# ##.##
#.#..#.....# #..#


You could see Robin, 3 hobgoblins and a goblin.

Vanquished Creatures
  Jessica (D:2)
  A dart slug (D:1)
  2 leopard geckos (D:1)
  4 bats (D:1)
  4 giant cockroaches
  6 hobgoblins
  4 jackals (D:2)
  2 frilled lizards
  12 goblins
  6 kobolds
  4 rats
46 creatures vanquished.

Notes
Turn   | Place    | Note
-------+----------+-------------------------------------------
     0 | D:1      | tsouns the Barachi Warper began the quest for the Orb.
     0 | D:1      | Reached XP level 1. HP: 17/17 MP: 3/3
   119 | D:1      | Reached XP level 2. HP: 7/23 MP: 3/5
   338 | D:1      | Learned a level 2 spell: Blink
   689 | D:1      | Reached XP level 3. HP: 23/28 MP: 6/6
   732 | D:1      | Learned a level 3 spell: Gell's Gravitas
   735 | D:1      | Learned a level 2 spell: Shroud of Golubria
  1243 | D:2      | Noticed Jessica
  1266 | D:2      | HP: 1/29 [Jessica (2)]
  1267 | D:2      | Killed Jessica
  1267 | D:2      | Reached XP level 4. HP: 1/35 MP: 7/7
  1660 | D:2      | Noticed Robin
  1682 | D:2      | Slain by a goblin

Vault maps used:
D:1:      mushboom_english_gardens
D:2:      uniq_jessica, uniq_robin

Skill      XL: |  1  2  3 |
---------------+----------+-----
Fighting       | 3 |  3.4
Axes           | 3 |  3.1
Throwing       | |  1.0
Armour         | |  1.7
Dodging        | |  2.8
Stealth        | |  0.1
Spellcasting   | |  2.5
Translocations | |  3.6

Action                   |  1- 3 |  4- 6 || total
-------------------------+-------+-------++-------
Melee: Hand axe          |   114 |    29 ||   143
Throw: Tomahawk          |     1 |       ||     1
  Use: Scroll            |     2 |     3 ||     5
       Potion            |       |     2 ||     2
  Eat: Chunk             |     2 |       ||     2
Armor: Leather armour    |    37 |    11 ||    48
Dodge: Dodged            |    83 |    31 ||   114

Table legend:
 A = Spawn XP
 B = Non-spawn XP
 C = Spawn XP percentage of total XP
 D = Spawn monster count
 E = Non-spawn monster count
 F = Spawn count percentage of total count
 G = Total turns spent on level
                    A         B        C        D         E        F      G
               +---------+---------+-------+---------+---------+-------+---------
         Total |       0 |     118 |   0.0 |       0 |      46 |   0.0 |  1682
               +---------+---------+-------+---------+---------+-------+---------
           D:1 |       0 |      48 |   0.0 |       0 |      26 |   0.0 |  1036
           D:2 |       0 |      70 |   0.0 |       0 |      20 |   0.0 |   646
               +---------+---------+-------+---------+---------+-------+---------
